[Event "Carnaval"]
[Site "Quebec CAN"]
[Date "2017.02.19"]
[Round "4"]
[White "Sambuev, Bator"]
[Black "Lesiege, Alexandre"]
[Result "1/2-1/2"]
[Annotator "Boutin,Jean-roger"]
[ECO "D94"]
[WhiteElo "2584"]
[BlackElo "2585"]
[WhiteFideId "-1"]
[WhiteFideId "-1"]
[PlyCount "115"]
[GameId "2160767739706426"]
[EventDate "2017.02.17"]
[EventType "swiss"]
[EventRounds "5"]
[EventCountry "CAN"]
[TimeControl "900+2"]

1. d4 Nf6 2. Nf3 d5 3. e3 g6 4. c4 Bg7 5. Nc3 O-O 6. Be2 c5 7. dxc5 dxc4 8. Qxd8 Rxd8 9. Bxc4 Nbd7 10. c6 bxc6 11. Bd2 Nb6 12. Be2 c5 13. Rc1 Bb7 14. b3 a5 15. Bb5 Rdc8 16. O-O Ne8 17. Be2 Nd6 18. Rc2 c4 19. Rfc1 Nd5 20. Nxd5 Bxd5 21. Bxc4 Nxc4 22. e4 Bb2 23. Rd1 Bxe4 24. Rxc4 Rxc4 25. bxc4 Rd8 26. Kf1 Bd3+ 27. Kg1 Be4 28. Kf1 a4 29. Ne1 Bb7 30. Nc2 f5 31. Ne3 Ba6 32. Ke1 f4 33. Nd5 Bxc4 34. Bc1 Rxd5 35. Rxd5 Bxd5 36. Bxb2 Bxa2 37. h4 Bd5 38. Kf1 Kf7 39. Be5 f3 40. g3 Ke6 41. Bb2 Bc4+ 42. Ke1 Kd5 43. Kd2 e5 44. Kc3 e4 45. Bc1 a3 46. Be3 Kc6 47. Bc1 Kb5 48. Be3 Ka4 49. Bc1 Bd3 50. Be3 Be2 51. Bc1 a2 52. Kb2 Bc4 53. Be3 Be6 54. Bd4 Kb4 55. Be3 Bb3 56. Bd4 Kc4 57. Be3 Kd3 58. Bc5 1/2-1/2